 Dungeon Sprint DCSS version 0.20-a0-739-g6bb112f (webtiles) character file.

1890 Kidiri the Thaumaturge (level 8, -3/45 HPs)
             Began as a Deep Elf Fire Elementalist on Feb 24, 2017.
             Was a Believer of Vehumet.
             Slain by an earth elemental (30 damage)
             ... in the Dungeon (Sprint III: "The Ten Rune Challenge").
             The game lasted 00:06:30 (1193 turns).

Kidiri the Thaumaturge (Deep Elf Fire Elementalist) Turns: 1193, Time: 00:06:31

Health: -3/45      AC:  3    Str:  7    XL:     8   Next: 92%
Magic:  27/27      EV: 18    Int: 25    God:    Vehumet [**....]
Gold:   36         SH:  0    Dex: 15    Spells: 11/33 levels left

rFire    . . .     SeeInvis .   s - +0 dagger
rCold    . . .     Gourm    .   a - +0 robe
rNeg     . . .     Faith    .   (no shield)
rPois    .         Spirit   .   (no helmet)
rElec    .         Reflect  .   (no cloak)
rCorr    .         Harm     .   (no gloves)
MR       .....     NoTele   +   (no boots)
Stlth    ++........             (no amulet)
Regen    0.2/turn               (no ring)
MPRegen  0.2/turn               (no ring)

@: no status effects
A: clever 1, frail 1, shaggy fur 1, strong 1
a: Renounce Religion


You were in the Dungeon.
You worshipped Vehumet.
Vehumet was pleased with you.
You were hungry.

You visited 1 branch You collected 36 gold pieces.

Inventory:

Hand Weapons
 s - a +0 dagger (weapon)
Armour
 a - a +0 robe (worn)
Scrolls
 i - a scroll of blinking
 k - a scroll of identify
 m - a scroll of holy word
 n - 4 scrolls of remove curse
 p - a scroll of torment
Potions
 d - a potion of curing
 e - 2 potions of heal wounds
 f - 2 potions of haste
 g - 2 potions of magic
 h - a potion of berserk rage
 j - a potion of might
 l - a potion of mutation
 q - 2 potions of flight
Comestibles
 c - a bread ration
 o - 3 royal jellies


   Skills:
 + Level 5.8 Fighting
 + Level 5.9 Short Blades
 + Level 5.8 Armour
 + Level 8.9 Dodging
 - Level 2.4 Stealth
 * Level 13.2 Spellcasting
 + Level 7.9 Conjurations
 + Level 8.6 Fire Magic
 + Level 3.0 Earth Magic
 + Level 0.0 Poison Magic


You had 11 spell levels left.
You knew the following spells:

 Your Spells              Type           Power        Failure   Level  Hunger
a - Flame Tongue          Conj/Fire      #####        1%          1    None
b - Throw Flame           Conj/Fire      ######       1%          2    None
c - Conjure Flame         Conj/Fire      ######..     1%          3    None
d - Inner Flame           Hex/Fire       #####...     1%          3    None
e - Ignite Poison         Fire/Tmut/Pois ####....     3%          3    None
f - Sticky Flame          Conj/Fire      ######..     1%          4    None
g - Fireball              Conj/Fire      ######....   3%          5    ###....
h - Sandblast             Erth           ####..       1%          1    None


Dungeon Overview and Level Annotations

Branches:
Dungeon (1/1)

Altars:
Cheibriados
Dithmenos
Elyvilon
Fedhas
Gozag
Hepliaklqana
Kikubaaqudgha
Makhleb
Nemelex Xobeh
Okawaru
Qazlal
Ru
Sif Muna
Trog
Uskayaw
Vehumet
Xom
Yredelemnul
Zin
The Shining One
Beogh
Jiyva
Lugonu

Annotations:
D exclusion: door


Innate Abilities, Weirdness & Mutations

Your mind is acute. (Int +2)
You are frail. (-10% HP)
You are covered in fur. (AC +1)
Your muscles are strong. (Str +2)


Message History

Adjust to which letter? e - Ignite Poison; f - Sticky Flame Adjust (i)tems, (s)pells, or (a)bilities?
Adjust which spell?
Okay, then.
Unknown command.
You enter the shallow water.
Moving in this stuff is going to be slow.
You start waiting.
There is an open door here.
Things that are here:
a scimitar of flaming; a robe
There is an open door here.
There is a fountain of clear blue water here.
There is an open door to the Ecumenical Temple here.
You are feeling hungry.
The earth elemental hits you!! The earth elemental hits you!!
Ouch! That really hurt!
You die...

▓#'####......♣ ♣.#..)#__.#._#
▓.....#....≈.♣♣♣♣.###+#+###+##
▓.....#...≈≈.♣..♣.#..........#
▓.....#..≈≈≈≈♣.♣♣.'.⌠..E.....#
▓####'#..≈≈≈≈≈≈♣♣.#...######'#
▓.....#.≈≈≈≈≈≈....#.⌠.#__#...#+#
▓.....#.≈≈≈≈≈.....#...#__#..)#.§
▓.....#.≈≈≈...E...#+###__#...#§#
▓'#####........@..#)::#__#...'.#
▓.................#___#__+...#.#
▓▓▓▓▓▓▓▓▓▓▓▓▓▓▓▓▓▓▓▓▓▓▓▓▓▓▓▓▓▓▓▓


You could see an earth elemental.

Vanquished Creatures
  Erica (D)
  A deep elf mage (D)
  A shadow (D)
  A spatial vortex (D)
  A necrophage (D)
  A water elemental (D)
  A jelly (D)
  A wizard (D)
  A necromancer (D)
  3 humans (D)
  A kobold demonologist (D)
  A wolf (D)
  2 oozes (D)
  2 rats (D)
18 creatures vanquished.

Vanquished Creatures (others)
  2 draconian scorchers (D)
  2 yaktaurs (D)
  6 hellions (D)
10 creatures vanquished.

Grand Total: 28 creatures vanquished

Notes
Turn   | Place    | Note
-------+----------+-------------------------------------------
     0 | D        | Kidiri the Deep Elf Fire Elementalist began the quest for the Orb.
     0 | D        | Reached XP level 1. HP: 10/10 MP: 6/6
    49 | D        | Killed a yaktaur
    56 | D        | Reached skill level 1 in Fighting
    56 | D        | Reached skill level 1 in Armour
    56 | D        | Reached skill level 4 in Spellcasting
    56 | D        | Reached XP level 2. HP: 16/16 MP: 5/9
    60 | D        | Learned a level 2 spell: Throw Flame
    64 | D        | Killed a hellion
   108 | D        | Killed a hellion
   109 | D        | Killed a hellion
   119 | D        | Killed a hellion
   121 | D        | Killed a hellion
   122 | D        | Killed a hellion
   166 | D        | Killed a white draconian scorcher
   185 | D        | Killed a yaktaur
   203 | D        | Reached skill level 5 in Spellcasting
   222 | D        | Killed a white draconian scorcher
   265 | D        | Reached XP level 3. HP: 11/21 MP: 0/12
   270 | D        | Learned a level 3 spell: Conjure Flame
   274 | D        | Learned a level 3 spell: Inner Flame
   313 | D        | Gained mutation: You are dopey. (Int -2) [potion of mutation]
   313 | D        | Gained mutation: You are somewhat resistant to further mutation. [potion of mutation]
   313 | D        | Gained mutation: You do not regenerate when monsters are visible. [potion of mutation]
   314 | D        | Lost mutation: You are dopey. (Int -2) [potion of mutation]
   314 | D        | Lost mutation: You are somewhat resistant to further mutation. [potion of mutation]
   314 | D        | Lost mutation: You do not regenerate when monsters are visible. [potion of mutation]
   314 | D        | Gained mutation: Your flesh is heat resistant. (rF+) [potion of mutation]
   314 | D        | Gained mutation: Scrolls take you a little longer to read. [potion of mutation]
   314 | D        | Gained mutation: You have sharp toenails. [potion of mutation]
   314 | D        | Gained mutation: You are covered in fur. (AC +1) [potion of mutation]
   315 | D        | Lost mutation: Your flesh is heat resistant. (rF+) [potion of mutation]
   315 | D        | Lost mutation: Scrolls take you a little longer to read. [potion of mutation]
   315 | D        | Lost mutation: You have sharp toenails. [potion of mutation]
   315 | D        | Gained mutation: You are frail. (-10% HP) [potion of mutation]
   315 | D        | Gained mutation: Your mind is acute. (Int +2) [potion of mutation]
   315 | D        | Gained mutation: Your muscles are strong. (Str +2) [potion of mutation]
   364 | D        | Noticed a water elemental
   367 | D        | Killed a water elemental
   367 | D        | Reached skill level 6 in Spellcasting
   367 | D        | Reached XP level 4. HP: 24/24 MP: 7/14
   373 | D        | Learned a level 4 spell: Sticky Flame
   421 | D        | Found a radiant altar of Vehumet.
   422 | D        | Found a deep blue altar of Sif Muna.
   422 | D        | Found an ancient bone altar of Kikubaaqudgha.
   422 | D        | Noticed a wizard
   424 | D        | Killed a wizard
   424 | D        | Reached skill level 7 in Spellcasting
   424 | D        | Reached skill level 5 in Fire Magic
   425 | D        | Reached skill level 5 in Dodging
   425 | D        | Reached XP level 5. HP: 28/28 MP: 5/17
   442 | D        | Learned a level 5 spell: Fireball
   446 | D        | Became a worshipper of Vehumet
   504 | D        | Found a glowing silver altar of Zin.
   505 | D        | Found a glowing golden altar of the Shining One.
   505 | D        | Found a white marble altar of Elyvilon.
   505 | D        | Noticed a deep elf mage
   576 | D        | Killed a deep elf mage
   576 | D        | Reached skill level 10 in Spellcasting
   576 | D        | Reached XP level 6. HP: 16/35 MP: 7/21
   576 | D        | Reached XP level 7. HP: 18/39 MP: 7/23
   732 | D        | Found a hide-covered altar of Uskayaw.
   732 | D        | Found a roughly hewn altar of Beogh.
   732 | D        | Found an iron altar of Okawaru.
   732 | D        | Found a bloodstained altar of Trog.
   732 | D        | Noticed a human
   735 | D        | Noticed a human
   736 | D        | Killed a human
   736 | D        | Reached skill level 11 in Spellcasting
   736 | D        | Killed a human
   736 | D        | Reached * piety under Vehumet
   736 | D        | Offered knowledge of Magic Dart by Vehumet.
   822 | D        | Found a basalt altar of Yredelemnul.
   822 | D        | Found a shadowy altar of Dithmenos.
   822 | D        | Found a sacrificial altar of Ru.
   830 | D        | Reached skill level 5 in Fighting
   830 | D        | Reached skill level 5 in Armour
   902 | D        | Noticed a shadow
   906 | D        | Reached ** piety under Vehumet
   906 | D        | Offered knowledge of Sandblast by Vehumet.
   910 | D        | Killed a shadow
   910 | D        | Reached skill level 5 in Short Blades
   910 | D        | Reached skill level 12 in Spellcasting
   910 | D        | Reached XP level 8. HP: 44/44 MP: 16/26
   913 | D        | Learned a level 1 spell: Sandblast
   968 | D        | Found a blossoming altar of Fedhas.
   968 | D        | Found a stormy altar of Qazlal.
   969 | D        | Found a snail-covered altar of Cheibriados.
   969 | D        | Found a burning altar of Makhleb.
   969 | D        | Found a hazy altar of Hepliaklqana.
   969 | D        | Found a shimmering altar of Xom.
   969 | D        | Found an opulent altar of Gozag.
   969 | D        | Found a sparkling altar of Nemelex Xobeh.
   969 | D        | Found a corrupted altar of Lugonu.
   969 | D        | Found a viscous altar of Jiyva.
  1071 | D        | Noticed Erica
  1083 | D        | Killed Erica
  1083 | D        | Offered knowledge of Ignite Poison by Vehumet.
  1083 | D        | Reached skill level 13 in Spellcasting
  1092 | D        | Learned a level 3 spell: Ignite Poison
  1193 | D        | Slain by an earth elemental

Vault maps used:
D:        dungeon_sprint_mu

Skill      XL: |  1  2  3  4  5  6  7  8 |
---------------+-------------------------+-----
Fighting       | 1 2 4 5 |  5.8
Armour         | 1 2 4 5 |  5.8
Spellcasting   | 4 5 6 7 10 12 13 | 13.2
Conjurations   | 2 3 4 6 7 |  7.9
Dodging        | 3 4 5 6 8 |  8.9
Fire Magic     | 4 5 6 7 8 |  8.6
Short Blades   | 3 5 |  5.9
Earth Magic    | 3 |  3.0
Stealth        | |  2.4

Action                   |  1- 3 |  4- 6 |  7- 9 || total
-------------------------+-------+-------+-------++-------
Melee: Dagger            |       |     2 |     1 ||     3
 Cast: Flame Tongue      |    17 |     2 |    31 ||    50
       Throw Flame       |     5 |       |     2 ||     7
       Conjure Flame     |     1 |       |     3 ||     4
       Sticky Flame      |       |     4 |     1 ||     5
       Fireball          |       |       |     3 ||     3
       Inner Flame       |       |       |     2 ||     2
  Use: Potion            |     3 |       |       ||     3
       Scroll            |     2 |       |       ||     2
 Stab: Sleeping          |       |     1 |       ||     1
  Eat: Chunk             |       |       |     1 ||     1
Armor: Robe              |     1 |     1 |       ||     2
Dodge: Dodged            |       |     3 |       ||     3
